 Dungeon Crawl Stone Soup version 0.27.1-34-g3ba077fa99 (webtiles) character file.

Game seed: 3197742964371678842

48 Karpo the Sneak (level 3, 0/16 HPs)
             Began as a Spriggan Enchanter on Jan 24, 2022.
             Succumbed to an adder's poison
             ... on level 2 of the Dungeon.
             The game lasted 00:05:40 (1889 turns).

Karpo the Sneak (Spriggan Enchanter)                Turns: 1889, Time: 00:05:40

Health: 0/16       AC:  2    Str:  4    XL:     3   Next: 50%
Magic:  6/8        EV: 17    Int: 16    God:
Gold:   62         SH:  0    Dex: 16    Spells: 1/7 levels left

rFire    . . .     SeeInvis +   a - +1 dagger
rCold    . . .     Faith    .   (shield restricted)
rNeg     . . .     Spirit   .   b - +0 robe
rPois    .         Reflect  .   (helmet restricted)
rElec    .         Harm     .   (no cloak)
rCorr    .         Rampage  .   (gloves unavailable)
Will     .....                  (boots unavailable)
Stlth    +++.......             (no amulet)
HPRegen  0.05/turn              (no ring)
MPRegen  0.11/turn              (no ring)

@: lethally poisoned (0 -> -5), very quick
A: very small, no large weapons, unfitting armour, see invisible, speed 3
a: no special abilities


You were on level 2 of the Dungeon.
You visited 1 branch of the dungeon, and saw 3 of its levels.

You collected 62 gold pieces.

Inventory:

Hand Weapons
 a - a +1 dagger (weapon)
Armour
 b - a +0 robe (worn)
Scrolls
 d - a scroll of identify {unknown}
 f - a scroll of noise {unknown}
 g - a scroll of vulnerability {unknown}
Potions
 c - a potion of heal wounds {unknown}
 e - 3 potions of curing {unknown}
 h - a potion of ambrosia {unknown}


   Skills:
 + Level 2.8 Short Blades
 - Level 2.6 Dodging
 + Level 5.8 Stealth
 - Level 2.6 Spellcasting
 - Level 3.6 Hexes


You had one spell level left.
You knew the following spells:

 Your Spells              Type           Power      Damage    Failure   Level
a - Corona                Hex            14%        N/A       4%          1
b - Ensorcelled Hibernat  Hex/Ice        14%        N/A       14%         2
c - Confusing Touch       Hex            13%        N/A       13%         3

Your spell library contained the following spells:

 Spells                   Type           Power      Damage    Failure   Level
 Tukima's Dance           Hex            13%        N/A       13%         3
 Dazzling Flash           Conj/Hex       14%        N/A       28%         3


Dungeon Overview and Level Annotations

Branches:
Dungeon (3/15)

Altars:


Innate Abilities, Weirdness & Mutations

You are very small and have problems with some larger weapons.
You are too small for most types of armour.
You have supernaturally acute eyesight. (SInv)
You cover ground extremely quickly. (Speed+++)


Message History

You start resting.
HP restored.
A rat comes into view.
You closely miss the rat. The rat bites you.
You hit the rat.
You kill the rat!
The kobold completely misses you.
You hit the kobold but do no damage. The kobold closely misses you.
You barely miss the kobold. You hit the kobold.
The kobold is heavily wounded.
The kobold barely misses you.
You hit the kobold but do no damage.
The kobold is heavily wounded.
The kobold closely misses you.
You hit the kobold.
You kill the kobold!
Things that are here:
a +0 dagger; a kobold corpse An adder comes into view.
An endoplasm comes into view.
A frilled lizard comes into view.
A ball python comes into view.
The adder hisses angrily.
The adder bites you.
Casting: Ensorcelled Hibernation (safe; 14% risk of failure)
Confirm with . or Enter, or press ? or * to list all spells.
Aiming: Ensorcelled Hibernation (safe; 14% risk of failure)
Press: ? - help, Shift-Dir - straight line, f - adder
Aim: an adder (chance to affect: 48%)
The adder resists with some effort.
The endoplasm quivers.
The adder bites you.
You are poisoned.
The adder poisons you!
You feel sick. The adder bites you.
* * * LOW HITPOINT WARNING * * *
You feel sick. The adder bites you.
* * * LOW HITPOINT WARNING * * *
You die...

.#..........♣...#.P.P♣♣ #
............'.8.'...._♣l####
...##...#...♣...#PP.P♣♣....
...####.....#...#PP♣♣♣...##
...# ###...#####PP♣♣.....
<..# #....♣÷♣PP♣♣...#
...######....♣♣♣♣♣♣..#.
.....##...........SJ#.......
..##.##.#.).##..@..#........
..##.......####.##..........
.#......#### #.............
.#.##...### #.#...........
..........#####....#.......S
............................
..........####......##.....
..........##...###..# .###
...####.####.### #..##.#


You could see an adder and an endoplasm.

Vanquished Creatures
  3 dart slugs
  5 ball pythons
  4 endoplasms
  A goblin (D:1)
  2 hobgoblins
  8 jackals (D:1)
  2 quokkas (D:1)
  3 bats (D:1)
  3 frilled lizards
  3 kobolds
  5 rats
39 creatures vanquished.

Notes
Turn   | Place    | Note
-------+----------+-------------------------------------------
     0 | D:1      | Karpo the Spriggan Enchanter began the quest for the Orb.
     0 | D:1      | Reached XP level 1. HP: 9/9 MP: 5/5
   544 | D:1      | Reached skill level 5 in Stealth
   544 | D:1      | Reached XP level 2. HP: 13/13 MP: 6/6
   735 | D:1      | Learned a level 2 spell: Ensorcelled Hibernation
  1044 | D:1      | Reached XP level 3. HP: 15/16 MP: 8/8
  1544 | D:2      | Learned a level 3 spell: Confusing Touch
  1547 | D:2      | Found a faded altar of an unknown god.
  1889 | D:2      | Succumbed to an adder's poison

Illustrated notes

Levels and vault maps discovered:
D:1:      dpeg_arrival_houses_and_road, layout_loops_ring
D:2:      layout_rooms, dilly_ecumenical_altar_fadedgnrine
D:3:      layout_basic, small_statue_intersection,
          wander_ebering_terrifying_dragon_lair, uniq_jessica

Skill      XL: |  1  2 |
---------------+-------+-----
Stealth        | 5 |  5.8
Short Blades   | 2 |  2.8
Dodging        | |  2.6
Spellcasting   | |  2.6
Hexes          | |  3.6

Action                   || total
-------------------------++-------
Melee: Dagger            ||   141
 Cast: Ensorcelled Hiber ||     5
 Stab: Sleeping          ||    16
       Distracted        ||     2
Armor: Robe              ||    17
Dodge: Dodged            ||    92
